 Dungeon Crawl Stone Soup version 0.23-a0-650-ga4d50d4 (webtiles) character file.

2 Amnesiac the Digger (level 1, 0/7 HPs)
             Began as a Felid Earth Elementalist on Jan 5, 2019.
             Slain by a hobgoblin
             ... wielding a +0 club
              (6 damage)
             ... on level 1 of the Dungeon.
             The game lasted 00:00:18 (72 turns).

Amnesiac the Digger (Felid Earth Elementalist)        Turns: 72, Time: 00:00:18

Health: 0/7        AC:  1    Str:  4    XL:     1   Next: 33%
Magic:  4/4        EV: 18    Int: 16    God:
Gold:   18         SH:  0    Dex: 16    Spells: 3/4 levels left
                                        Lives:  0   Deaths: 0

rFire    . . .     SeeInvis +   (weapon unavailable)
rCold    . . .     Gourm    .   (shield unavailable)
rNeg     . . .     Faith    .   (armour unavailable)
rPois    .         Spirit   .   (helmet unavailable)
rElec    .         Reflect  .   (cloak unavailable)
rCorr    .         Harm     .   (gloves unavailable)
MR       .....                  (boots unavailable)
Stlth    +++.......             (no amulet)
HPRegen  0.02/turn              (no ring)
MPRegen  0.09/turn              (no ring)

@: quick
A: very small, no armour, no weapons or thrown items, stealth, claws 1, fangs 3,
see invisible, carnivore, speed 1, shaggy fur 1, slow metabolism 1, sharp paws
a: no special abilities


You were on level 1 of the Dungeon.
You were full.

You visited 1 branch of the dungeon, and saw 1 of its levels.

You collected 18 gold pieces.

Inventory:

Missiles
 b - 29 stones
Comestibles
 c - a ration


   Skills:
 - Level 2.6 Dodging
 - Level 2.6 Stealth
 + Level 2.0 Spellcasting
   Level 1.1 Transmutations
 * Level 2.8 Earth Magic


You had 3 spell levels left.
You knew the following spells:

 Your Spells              Type           Power        Failure   Level  Hunger
a - Sandblast             Erth           ##....       6%          1    #......

Your spell library contained the following spells:

 Spells                   Type           Power        Failure   Level  Hunger
 Passwall                 Tmut/Erth      #.......     14%         2    ###....
 Stone Arrow              Conj/Erth      #.....       34%         3    ###....
 Petrify                  Tmut/Erth      #.......     67%         4    #####..
 Lee's Rapid Deconstruct  Erth           ##........   87%         5    ######.


Dungeon Overview and Level Annotations

Branches:
Dungeon (1/15)

Altars:


Innate Abilities, Weirdness & Mutations

You cannot wear armour.
You are incapable of wielding weapons or throwing items.
Your paws allow you to move quietly. (Stealth)
You have sharp claws.
You have razor-sharp teeth.
You have supernaturally acute eyesight. (SInv)
You are carnivorous and can eat meat at any time.
You cover ground quickly.
You are covered in fur. (AC +1)
You have a slow metabolism.
Your sharp claws are effective at attacking unaware monsters.


Message History

You butcher the goblin corpse.
Things that are here:
a +0 club; 2 chunks of flesh; a goblin skeleton
a - 2 chunks of flesh The kobold shouts!
The rat misses you.
Found a leather armour.
You scratch the rat.
The rat is moderately wounded.
The rat bites you.
You barely miss the rat.
The rat is moderately wounded.
The rat barely misses you.
You scratch the rat but do no damage.
The rat is moderately wounded.
The rat misses you.
You scratch the rat but do no damage.
The rat is moderately wounded.
The rat closely misses you.
You barely miss the rat.
The rat is moderately wounded.
The rat misses you.
You barely miss the rat.
The rat is moderately wounded.
The rat closely misses you.
You barely miss the rat.
The rat is moderately wounded.
The rat closely misses you.
You scratch the rat.
You kill the rat!
The kobold throws a stone.
The stone misses you.
Casting: Sandblast (safe; 7% risk of failure)
Confirm with . or Enter, or press ? or * to list all spells.
Aiming: Sandblast (safe; 7% risk of failure)
Press: ? - help, Shift-Dir - straight line, f - kobold
Aim: a kobold, wielding a +0 club The blast of sand hits the kobold.
You kill the kobold!
b - 27 stones Unknown command.
You see here a rat corpse.
b - 28 stones (gained 1)
You see here a +0 club.
You see here a rat corpse.
You see here a rat corpse.
You butcher the rat corpse.
a - 3 chunks of flesh (gained 1)
You see here a rat skeleton.
b - 29 stones (gained 1) Eating one of 3 chunks of flesh.
You eat one of the 3 chunks of flesh.
This raw flesh tastes great.
Eating one of 2 chunks of flesh.
You eat one of the 2 chunks of flesh.
This raw flesh tastes great.
Eating a chunk of flesh.
You eat the chunk of flesh.
This raw flesh tastes great.
Magic restored.
A hobgoblin comes into view. It is wielding a +0 club.
A hobgoblin is nearby!
The helpless hobgoblin fails to defend itself.
You scratch the hobgoblin.
The hobgoblin is severely wounded.
The hobgoblin hits you with a +0 club.
Ouch! That really hurt!
You die...

#.#.#.##............
#.#.#.##).##........
#.#.#......รท)###.#.
#.#.####..###.......
#.#.#.....#......[..
#.#.#.#.............
#.#.....#.#.......
#.###.#.#.########
#.g@.(#.#.#
#########.# ###


You could see a hobgoblin.

Vanquished Creatures
  A goblin (D:1)
  A kobold (D:1)
  A rat (D:1)
3 creatures vanquished.

Notes
Turn   | Place    | Note
-------+----------+-------------------------------------------
     0 | D:1      | Amnesiac the Felid Earth Elementalist began the quest for
                  | the Orb.
     0 | D:1      | Reached XP level 1. HP: 7/7 MP: 4/4
    72 | D:1      | Slain by a hobgoblin

Vault maps used:
D:1:      eino_arrival_druids_welcome

Action                   || total
-------------------------++-------
Melee: Unarmed           ||     9
 Cast: Sandblast         ||     3
 Stab: Sleeping          ||     1
  Eat: Chunk             ||     3
Dodge: Dodged            ||     8

Table legend:
 A = Non-vault XP
 B = Vault XP
 C = Vault XP percentage of total XP
 D = Non-vault monster count
 E = Vault monster count
 F = Vault count percentage of total count
                 A         B        C        D         E       F
            +---------+---------+-------+---------+---------+-------
      Total |       4 |       0 |   0.0 |       3 |       0 |   0.0
            +---------+---------+-------+---------+---------+-------
        D:1 |       4 |       0 |   0.0 |       3 |       0 |   0.0
            +---------+---------+-------+---------+---------+-------
